 Dungeon Crawl Stone Soup version 0.30-a0-879-ga8ba668304 (webtiles) character file.

Game seed: 11196531016820965590

5 Gerhazo the Magician (level 1, 0/15 HPs)
             Began as a Djinni Hedge Wizard on Mar 13, 2023.
             Slain by an adder (2 damage)
             ... on level 2 of the Dungeon.
             The game lasted 00:00:28 (210 turns).

Gerhazo the Magician (Djinni Hedge Wizard)           Turns: 210, Time: 00:00:29

Health: 0/15       AC:  2    Str:  9    XL:     1   Next: 88%
Gold:   10         EV: 12    Int: 15    God:
                   SH:  0    Dex: 12

rFire   + + .      SeeInvis .    a - +0 dagger
rCold   x . .      Faith    .    (no shield)
rNeg    . . .      Spirit   .    b - +0 robe
rPois   ∞          Reflect  .    c - +0 hat
rElec   .          Rampage  .    (no cloak)
rCorr   .                        (no gloves)
Will    .....                    (boots unavailable)
Stlth   ++                       (no amulet)
HPRegen 0.22/turn                (no ring)
MPRegen 0.00/turn                (no ring)

@: flying
A: sickness immunity, fire resistance 2, cold vulnerability 1, float, innate
caster, HP casting, extra vitality 1
a: no special abilities


You were on level 2 of the Dungeon.
You visited 1 branch of the dungeon, and saw 2 of its levels.

You collected 10 gold pieces.

Inventory:

Hand Weapons
 a - a +0 dagger (weapon)
Armour
 b - a +0 robe (worn)
 c - a +0 hat (worn)
Scrolls
 d - 2 scrolls of poison {unknown}
Potions
 e - a potion of curing {unknown}


   Skills:
 + Level 2.4 Dodging
 + Level 1.7 Stealth
 + Level 2.5 Spellcasting


You knew the following spells:

 Your Spells              Type           Power      Damage    Failure   Level
a - Magic Dart            Conj           36%        1d4       8%          1
b - Slow                  Hex            36%        N/A       8%          1
c - Blink                 Tloc           18%        N/A       12%         2
d - Call Imp              Summ           9%         N/A       12%         2
e - Mephitic Cloud        Conj/Pois/Air  9%         N/A       22%         3
Your spell library was empty.

Dungeon Overview and Level Annotations

Branches:
Dungeon (2/15)

Altars:
Ru


Innate Abilities, Weirdness & Mutations

You are immune to sickness and miasma.
You are immune to poison.
Your flesh is very heat resistant. (rF++)
You are vulnerable to cold. (rC-)
You float through the air rather than walking.
You learn spells naturally, not from books.
Your magical power is your life essence.
You have superior vitality. (+4 MHP)


Message History

The magic dart hits the adder.
The adder is moderately wounded.
The magic dart hits the adder but does no damage.
The adder is moderately wounded.
The magic dart hits the adder.
The adder is moderately wounded.
The magic dart hits the adder.
The adder is heavily wounded.
The adder bites you.
The magic dart hits the adder but does no damage.
The adder is heavily wounded.
The adder completely misses you.
The magic dart hits the adder but does no damage.
The adder is heavily wounded.
The adder bites you.
You are too injured to fight recklessly!
You are too injured to fight recklessly!
You are too injured to fight recklessly!
Casting: Magic Dart (safe; 8% risk of failure)
Confirm with . or Enter, or press ? or * to list all spells.
Aiming: Magic Dart (safe; 8% risk of failure)
Press: ? - help, Shift-Dir - straight line, f/p - adder
Aim: an adder (heavily wounded, 100% to hit)
The magic dart hits the adder.
The adder is heavily wounded.
The adder bites you.
* * * LOW HITPOINT WARNING * * *
The adder closely misses you.
Casting: Magic Dart (safe; 8% risk of failure)
Confirm with . or Enter, or press ? or * to list all spells.
Aiming: Magic Dart (safe; 8% risk of failure)
Press: ? - help, Shift-Dir - straight line, f/p - adder
Aim: an adder (heavily wounded, 100% to hit)
The magic dart hits the adder but does no damage.
The adder is heavily wounded.
* * * LOW HITPOINT WARNING * * *
The adder closely misses you. The adder attacks as you move away!
The adder barely misses you. The adder bites you.
You die...

#.......#.........
#.......#.........
#................#
#...._...........#
+................######
#.....#..........<...
##...##...........†..
#####..S# ##......####.
.......@# #......#
.####....### #......#
...........# #......#
......†....###......#
....................#####
.........................
...................[.....
.#.####..................
#. #.......>..........


You could see an adder.

Vanquished Creatures
  An endoplasm (D:1)
  A ball python (D:2)
  A bat (D:1)
  2 frilled lizards
  2 rats (D:1)
7 creatures vanquished.

Notes
Turn   | Place    | Note
-------+----------+-------------------------------------------
     0 | D:1      | Gerhazo the Djinni Hedge Wizard began the quest for the
                  | Orb.
     0 | D:1      | Gerhazo set off with the following spells memorised: Magic
                  | Dart, Slow, Blink, Call Imp, Mephitic Cloud.
     0 | D:1      | Reached XP level 1. HP: 15/15 MP: 0/0
   170 | D:2      | Identified the +5 robe "Ymoblezo" {*Slow Dex+4 SInv}
   193 | D:2      | Found a sacrificial altar of Ru.
   210 | D:2      | Slain by an adder

Illustrated notes

Levels and vault maps discovered:
D:1:      ncdulo_watergridlock, layout_rooms, minmay_misc_feat_room,
          eino_curves_04
D:2:      layout_basic, serial_forest, infiniplex_forest_zigzag_1,
          infiniplex_forest_lined_room_2, infiniplex_forest_straight_2,
          infiniplex_forest_clump_C, infiniplex_forest_lined_room_,
          infiniplex_forest_straight_2, basic_altar, uniq_crazy_yiuf_cottage

Action                     || total
---------------------------++-------
   Cast: Magic Dart        ||    24
  Dodge: Dodged            ||    12

Table legend: (Time is in decaauts)
 A = Elapsed time spent in this place.
 B = Non-inter-level travel time spent in this place.
 C = Inter-level travel time spent in this place.
 D = Time resting spent in this place.
 E = Time spent auto-exploring this place.
 F = Levels seen in this place.
 G = Mean time per level.
                   A        B        C        D        E       F      G
               +--------+--------+--------+--------+--------+-----+--------+
         Total |    209 |    209 |      0 |     49 |     91 |   2 |  104.5 |
       Dungeon |    209 |    209 |      0 |     49 |     91 |   2 |  104.5 |
               +--------+--------+--------+--------+--------+-----+--------+

Top non-repeatable levels by time:
     D:1: 109 daAuts
     D:2: 100 daAuts
